| TOP OF THE 1ST |
|
Pulaski Yankees batting - Pitching for Great Falls Voyagers : RHP Mark Fedor
|
|
Pitching: RHP Mark Fedor
|
|
|
Batting: RHB Jim O'Dwyer
|
0-0: Ball 1-0: Called Strike 1-1: Foul Ball, location: 2F 1-2: Ball 2-2: Ball 3-2: Base on Balls
|
|
Batting: RHB Ken Stair
|
0-0: Ball 1-0: Ball 2-0: Called Strike 2-1: Called Strike 2-2: Ball 3-2: Strikes out swinging
|
|
Batting: SHB Dylan Best
|
0-0: Called Strike 0-1: Ball 1-1: Called Strike 1-2: Foul Ball, location: 2F 1-2: Strikes out looking
|
|
Batting: RHB Paul Ngumi
|
0-0: Ball 1-0: Called Strike 1-1: Ball 2-1: Ball 3-1: Foul Ball, location: 2F 3-2: Base on Balls Jim O'Dwyer to second
|
|
Batting: RHB Jonathan Feldstein
|
0-0: Ball 1-0: Ground out 2-3 (Groundball, 2L, EV 69.4 MPH)
|
| Top of the 1st over - 0 runs, 0 hits, 0 errors, 2 left on base; Pulaski 0 - Great Falls 0 |
| BOTTOM OF THE 1ST |
|
Great Falls Voyagers batting - Pitching for Pulaski Yankees : LHP Gordon Jing
|
|
Pitching: LHP Gordon Jing
|
|
|
Batting: RHB Andy Cotton
|
0-0: Swinging Strike 0-1: Ball 1-1: Swinging Strike 1-2: Foul Ball, location: 2F 1-2: Ball 2-2: Ball 3-2: Foul Ball, location: 2F 3-2: Foul Ball, location: 2F 3-2: Base on Balls
|
|
Batting: RHB Mitch Cuadros
|
0-0: Called Strike 0-1: Swinging Strike 0-2: Ball 1-2: Grounds into double play, 6-4-3 (Groundball, 6, EV 86.9 MPH)
|
|
Batting: RHB Russ Cornett
|
0-0: Ball 1-0: Ball 2-0: Ball 3-0: Base on Balls
|
|
Batting: RHB Billy Grubbs
|
0-0: Swinging Strike 0-1: Fly out, F7 (Flyball, 7D, EV 99.4 MPH)
|
| Bottom of the 1st over - 0 runs, 0 hits, 0 errors, 1 left on base; Pulaski 0 - Great Falls 0 |
| TOP OF THE 2ND |
|
Pulaski Yankees batting - Pitching for Great Falls Voyagers : RHP Mark Fedor
|
|
Batting: LHB Dave Ortiz
|
0-0: Ball 1-0: Fly out, F7 (Line Drive, 7, EV 105.0 MPH)
|
|
Batting: RHB Bailey Hays
|
0-0: Foul Ball, location: 2F 0-1: Ball 1-1: Called Strike 1-2: Ball 2-2: Foul Ball, location: 2F 2-2: Strikes out swinging
|
|
Batting: LHB Rip Log
|
0-0: Ball 1-0: Called Strike 1-1: Ball 2-1: Reached on error, E6 (Groundball, 6, EV 86.9 MPH)
|
|
Batting: RHB Juan Perez
|
0-0: Called Strike 0-1: Ball 1-1: Ball 2-1: Ground out 5-3 (Groundball, 56S, EV 89.4 MPH)
|
| Top of the 2nd over - 0 runs, 0 hits, 1 error, 1 left on base; Pulaski 0 - Great Falls 0 |
| BOTTOM OF THE 2ND |
|
Great Falls Voyagers batting - Pitching for Pulaski Yankees : LHP Gordon Jing
|
|
Batting: RHB Jake Feinstein
|
0-0: Ball 1-0: Ball 2-0: Called Strike 2-1: Ball 3-1: Base on Balls
|
|
Batting: RHB Francisco Marin
|
0-0: Ball 1-0: Swinging Strike 1-1: Swinging Strike 1-2: Foul Ball, location: 2F 1-2: Strikes out looking
|
|
Batting: RHB Enrique Gomez
|
0-0: Called Strike 0-1: Ball 1-1: Called Strike 1-2: Ball 2-2: Ball 3-2: Fly out, F7 (Flyball, 7, EV 90.0 MPH)
|
|
Batting: RHB David Cortez
|
0-0: Ball 1-0: Ball 2-0: Ball 3-0: Called Strike 3-1: Swinging Strike 3-2: Strikes out looking
|
| Bottom of the 2nd over - 0 runs, 0 hits, 0 errors, 1 left on base; Pulaski 0 - Great Falls 0 |
| TOP OF THE 3RD |
|
Pulaski Yankees batting - Pitching for Great Falls Voyagers : RHP Mark Fedor
|
|
Batting: RHB Jim O'Dwyer
|
0-0: Ball 1-0: Foul Ball, location: 2F 1-1: DOUBLE (Groundball, 5L, EV 105.0 MPH)
|
|
Batting: RHB Ken Stair
|
0-0: Fly out, F9 (Line Drive, 9LS, EV 90.6 MPH)
|
|
Batting: SHB Dylan Best
|
0-0: Called Strike 0-1: Ball 1-1: SINGLE (Groundball, 56D, EV 102.5 MPH) Jim O'Dwyer to third
|
|
Batting: RHB Paul Ngumi
|
0-0: Fly out, F8 (Flyball, 8LS, EV 92.5 MPH)
|
|
Batting: RHB Jonathan Feldstein
|
0-0: Ball 1-0: Ball 2-0: Ground out 4-3 (Groundball, P, EV 88.1 MPH)
|
| Top of the 3rd over - 0 runs, 2 hits, 0 errors, 2 left on base; Pulaski 0 - Great Falls 0 |
| BOTTOM OF THE 3RD |
|
Great Falls Voyagers batting - Pitching for Pulaski Yankees : LHP Gordon Jing
|
|
Batting: RHB Dave Dominguez
|
0-0: Swinging Strike 0-1: DOUBLE (Flyball, 78D, EV 99.4 MPH)
|
|
Batting: RHB Andy Cotton
|
0-0: Called Strike 0-1: Foul Ball, location: 2F 0-2: Hit by Pitch
|
|
Batting: RHB Mitch Cuadros
|
0-0: Ball 1-0: Foul Ball, location: 2F 1-1: Ball 2-1: Ball 3-1: Base on Balls Dave Dominguez to third Andy Cotton to second
|
|
Batting: RHB Russ Cornett
|
0-0: Called Strike 0-1: Ball 1-1: Called Strike 1-2: Foul Ball, location: 2F 1-2: SINGLE (Groundball, 5D, EV 103.1 MPH) Dave Dominguez scores Andy Cotton to third Mitch Cuadros to second
|
|
Batting: RHB Billy Grubbs
|
0-0: Ball 1-0: Foul Ball, location: 2F 1-1: Ball 2-1: Ball 3-1: Base on Balls Andy Cotton scores Mitch Cuadros to third Russ Cornett to second
|
|
Batting: RHB Jake Feinstein
|
0-0: Foul Ball, location: 2F 0-1: Foul Ball, location: 2F 0-2: Ball 1-2: Ball 2-2: Fly out, F8 (Flyball, 8RD, EV 95.6 MPH) Runner from 3rd tags up, OUT at HOME! 8-2 Russ Cornett to third Billy Grubbs to second
|
|
Batting: RHB Francisco Marin
|
0-0: Ball 1-0: Ball 2-0: Foul Ball, location: 2F 2-1: Foul Ball, location: 2F 2-2: Foul Ball, location: 2F 2-2: Ball 3-2: Fly out, F7 (Flyball, 78D, EV 91.9 MPH)
|
| Bottom of the 3rd over - 2 runs, 2 hits, 0 errors, 2 left on base; Pulaski 0 - Great Falls 2 |
| TOP OF THE 4TH |
|
Pulaski Yankees batting - Pitching for Great Falls Voyagers : RHP Mark Fedor
|
|
Batting: LHB Dave Ortiz
|
0-0: Called Strike 0-1: Ball 1-1: Ball 2-1: Foul Ball, location: 2F 2-2: Ball 3-2: Foul Ball, location: 2F 3-2: Strikes out swinging
|
|
Batting: RHB Bailey Hays
|
0-0: Ball 1-0: Called Strike 1-1: Foul Ball, location: 2F 1-2: Foul Ball, location: 2F 1-2: Ball 2-2: Strikes out swinging
|
|
Batting: LHB Rip Log
|
0-0: Called Strike 0-1: Called Strike 0-2: Foul Ball, location: 2F 0-2: Ball 1-2: Foul Ball, location: 2F 1-2: Ball 2-2: Foul Ball, location: 2F 2-2: Foul Ball, location: 2F 2-2: Foul Ball, location: 2F 2-2: Strikes out looking
|
| Top of the 4th over - 0 runs, 0 hits, 0 errors, 0 left on base; Pulaski 0 - Great Falls 2 |
| BOTTOM OF THE 4TH |
|
Great Falls Voyagers batting - Pitching for Pulaski Yankees : LHP Gordon Jing
|
|
Batting: RHB Enrique Gomez
|
0-0: Ball 1-0: Ball 2-0: DOUBLE (Flyball, 8LXD, EV 93.1 MPH)
|
|
Batting: RHB David Cortez
|
0-0: Called Strike 0-1: Foul Ball, location: 2F 0-2: Ball 1-2: Ball 2-2: Strikes out swinging
|
|
Batting: RHB Dave Dominguez
|
0-0: Called Strike 0-1: Ball 1-1: SINGLE (Groundball, 3S, EV 66.2 MPH) (infield hit) Enrique Gomez to third
|
|
Batting: RHB Andy Cotton
|
0-0: Ball Dave Dominguez steals 2nd, throwing error, E2 Enrique Gomez scores Dave Dominguez to third 1-0: Called Strike 1-1: Ball 2-1: Ball 3-1: Foul Ball, location: 2F 3-2: Foul Ball, location: 2F 3-2: Foul Ball, location: 2F 3-2: Foul Ball, location: 2F 3-2: Foul Ball, location: 2F 3-2: Base on Balls
|
|
Batting: RHB Mitch Cuadros
|
0-0: Ball 1-0: Ball Andy Cotton is caught stealing 2nd base 2-4 2-0: Foul Ball, location: 2F 2-1: Foul Ball, location: 2F 2-2: Ball 3-2: SINGLE (Groundball, 6D, EV 98.8 MPH) Dave Dominguez scores
|
|
Batting: RHB Russ Cornett
|
0-0: Called Strike 0-1: Foul Ball, location: 2F 0-2: Ball 1-2: Foul Ball, location: 2F 1-2: Fly out, F7 (Flyball, 78S, EV 88.1 MPH)
|
| Bottom of the 4th over - 2 runs, 3 hits, 1 error, 1 left on base; Pulaski 0 - Great Falls 4 |
| TOP OF THE 5TH |
|
Pulaski Yankees batting - Pitching for Great Falls Voyagers : RHP Mark Fedor
|
|
Batting: RHB Juan Perez
|
0-0: Called Strike 0-1: Swinging Strike 0-2: Strikes out looking
|
|
Batting: RHB Jim O'Dwyer
|
0-0: Called Strike 0-1: Ball 1-1: Ball 2-1: Ball 3-1: Called Strike 3-2: Foul Ball, location: 2F 3-2: Foul Ball, location: 2F 3-2: Foul Ball, location: 2F 3-2: Strikes out swinging
|
|
Batting: RHB Ken Stair
|
0-0: Ball 1-0: Ball 2-0: Called Strike 2-1: Ball 3-1: Foul Ball, location: 2F 3-2: Strikes out looking
|
| Top of the 5th over - 0 runs, 0 hits, 0 errors, 0 left on base; Pulaski 0 - Great Falls 4 |
| BOTTOM OF THE 5TH |
|
Great Falls Voyagers batting - Pitching for Pulaski Yankees : LHP Gordon Jing
|
|
Pitching: RHP Manny de la Cruz
|
|
|
Batting: RHB Billy Grubbs
|
0-0: Ball 1-0: Ball 2-0: Called Strike 2-1: Foul Ball, location: 2F 2-2: Fly out, F8 (Line Drive, 8LM, EV 98.8 MPH)
|
|
Batting: RHB Jake Feinstein
|
0-0: SINGLE (Line Drive, 9S, EV 96.9 MPH)
|
|
Batting: RHB Francisco Marin
|
0-0: Called Strike 0-1: Swinging Strike 0-2: Strikes out looking
|
|
Batting: RHB Enrique Gomez
|
0-0: Swinging Strike 0-1: Ball 1-1: Fly out, F8 (Flyball, 8LD, EV 80.6 MPH)
|
| Bottom of the 5th over - 0 runs, 1 hit, 0 errors, 1 left on base; Pulaski 0 - Great Falls 4 |
| TOP OF THE 6TH |
|
Pulaski Yankees batting - Pitching for Great Falls Voyagers : RHP Mark Fedor
|
|
Pitching: RHP Ben Robertson
|
|
|
Batting: SHB Dylan Best
|
0-0: DOUBLE (Line Drive, 7LS, EV 90.6 MPH)
|
|
Batting: RHB Paul Ngumi
|
0-0: Fly out, F8 (Flyball, 8LM, EV 91.2 MPH)
|
|
Batting: RHB Jonathan Feldstein
|
0-0: Ball 1-0: Ball 2-0: Foul Ball, location: 2F 2-1: Foul Ball, location: 2F 2-2: SINGLE (Groundball, 56, EV 103.1 MPH) Dylan Best to third Runner from 3rd tries for Home, throw by LF and OUT! 7-2 Jonathan Feldstein to second
|
|
Batting: LHB Dave Ortiz
|
0-0: Called Strike 0-1: Called Strike 0-2: Ball 1-2: Strikes out swinging
|
| Top of the 6th over - 0 runs, 2 hits, 0 errors, 1 left on base; Pulaski 0 - Great Falls 4 |
| BOTTOM OF THE 6TH |
|
Great Falls Voyagers batting - Pitching for Pulaski Yankees : RHP Manny de la Cruz
|
|
Batting: RHB David Cortez
|
0-0: Called Strike 0-1: Ball 1-1: Swinging Strike 1-2: Foul Ball, location: 2F 1-2: Strikes out swinging
|
|
Batting: RHB Dave Dominguez
|
0-0: Fly out, F8 (Flyball, 8RD, EV 95.6 MPH)
|
|
Batting: RHB Andy Cotton
|
0-0: Called Strike 0-1: Foul Ball, location: 2F 0-2: Ball 1-2: Foul Ball, location: 2F 1-2: SOLO HOME RUN (Flyball, 7LD, EV 96.2 MPH), Distance : 365 ft
|
|
Batting: RHB Mitch Cuadros
|
0-0: Called Strike 0-1: Ball 1-1: SINGLE (Flyball, 3D, EV 84.4 MPH)
|
|
Batting: RHB Russ Cornett
|
0-0: Called Strike 0-1: Foul Ball, location: 2F 0-2: Ball 1-2: Ball 2-2: Foul Ball, location: 2F 2-2: Strikes out looking
|
| Bottom of the 6th over - 1 run, 2 hits, 0 errors, 1 left on base; Pulaski 0 - Great Falls 5 |
| TOP OF THE 7TH |
|
Pulaski Yankees batting - Pitching for Great Falls Voyagers : RHP Ben Robertson
|
|
Batting: RHB Bailey Hays
|
0-0: Ball 1-0: Ball 2-0: Called Strike 2-1: Ground out 1-3 (Groundball, 13, EV 71.2 MPH)
|
|
Batting: LHB Rip Log
|
0-0: Called Strike 0-1: Called Strike 0-2: Foul Ball, location: 2F 0-2: Foul Ball, location: 2F 0-2: Ball 1-2: Foul Ball, location: 2F 1-2: Foul Ball, location: 2F 1-2: DOUBLE (Line Drive, 9LM, EV 104.4 MPH)
|
|
Pinch Hitting: LHB Chris Viehman
|
0-0: Ball 1-0: SINGLE (Groundball, P, EV 92.5 MPH) (infield hit) Rip Log to third
|
|
Batting: RHB Jim O'Dwyer
|
0-0: Foul Ball, location: 2F 0-1: Ball 1-1: Fly out, F7 (Flyball, 7LS, EV 81.2 MPH)
|
|
Batting: RHB Ken Stair
|
0-0: Called Strike 0-1: Foul Ball, location: 2F 0-2: Ball 1-2: Ball 2-2: Ball 3-2: Strikes out swinging
|
| Top of the 7th over - 0 runs, 2 hits, 0 errors, 2 left on base; Pulaski 0 - Great Falls 5 |
| BOTTOM OF THE 7TH |
|
Great Falls Voyagers batting - Pitching for Pulaski Yankees : RHP Manny de la Cruz
|
|
Pitching: RHP Mauricio Zambrana
|
|
|
Now at SS: Victor Garcia
|
|
|
Batting: RHB Billy Grubbs
|
0-0: Ball 1-0: Called Strike 1-1: Swinging Strike 1-2: Strikes out swinging
|
|
Batting: RHB Jake Feinstein
|
0-0: Ball 1-0: Ball 2-0: Ground out U3 (Groundball, 34, EV 97.5 MPH)
|
|
Batting: RHB Francisco Marin
|
0-0: Called Strike 0-1: Ball 1-1: Ball 2-1: Called Strike 2-2: SINGLE (Groundball, 56S, EV 68.1 MPH) (infield hit)
|
|
Batting: RHB Enrique Gomez
|
0-0: Called Strike 0-1: Swinging Strike 0-2: Hit by Pitch Francisco Marin to second
|
|
Batting: RHB David Cortez
|
0-0: Ball 1-0: Ball Wild Pitch! Francisco Marin to third Enrique Gomez to second 2-0: Foul Ball, location: 2F 2-1: Ground out 4-3 (Groundball, 4, EV 100.6 MPH)
|
| Bottom of the 7th over - 0 runs, 1 hit, 0 errors, 2 left on base; Pulaski 0 - Great Falls 5 |
| TOP OF THE 8TH |
|
Pulaski Yankees batting - Pitching for Great Falls Voyagers : RHP Ben Robertson
|
|
Batting: SHB Dylan Best
|
0-0: Ground out 4-3 (Groundball, 4, EV 103.8 MPH)
|
|
Batting: RHB Paul Ngumi
|
0-0: Ball 1-0: Ball 2-0: Called Strike 2-1: Called Strike 2-2: Foul Ball, location: 2F 2-2: Foul Ball, location: 2F 2-2: Ball 3-2: SINGLE (Groundball, 56D, EV 104.4 MPH)
|
|
Pitching: LHP Craig Courcha
|
|
|
Batting: RHB Jonathan Feldstein
|
0-0: Ball 1-0: Ball 2-0: Hit by Pitch Paul Ngumi to second
|
|
Batting: LHB Dave Ortiz
|
0-0: Ball 1-0: Ball 2-0: Foul Ball, location: 2F 2-1: Ball 3-1: Swinging Strike 3-2: Strikes out swinging
|
|
Batting: RHB Bailey Hays
|
0-0: Ball 1-0: Called Strike 1-1: Ball 2-1: Foul Ball, location: 2F 2-2: Fielders Choice at 2nd, 6-4 (Groundball, 6, EV 86.9 MPH)
|
| Top of the 8th over - 0 runs, 1 hit, 0 errors, 2 left on base; Pulaski 0 - Great Falls 5 |
| BOTTOM OF THE 8TH |
|
Great Falls Voyagers batting - Pitching for Pulaski Yankees : RHP Mauricio Zambrana
|
|
Batting: RHB Dave Dominguez
|
0-0: Fly out, F2 (Popup, 2RF, EV 94.4 MPH)
|
|
Batting: RHB Andy Cotton
|
0-0: Called Strike 0-1: TRIPLE (Flyball, 8RXD, EV 90.0 MPH)
|
|
Batting: RHB Mitch Cuadros
|
0-0: Called Strike 0-1: Foul Ball, location: 2F 0-2: Ball 1-2: Ball 2-2: Ball 3-2: Ground out 4-3 (Groundball, 4, EV 101.9 MPH) Andy Cotton scores
|
|
Batting: RHB Russ Cornett
|
0-0: Ball 1-0: Ball 2-0: Called Strike 2-1: Called Strike 2-2: Foul Ball, location: 2F 2-2: Ball 3-2: Ground out 6-3 (Groundball, 6, EV 101.9 MPH)
|
| Bottom of the 8th over - 1 run, 1 hit, 0 errors, 0 left on base; Pulaski 0 - Great Falls 6 |
| TOP OF THE 9TH |
|
Pulaski Yankees batting - Pitching for Great Falls Voyagers : LHP Craig Courcha
|
|
Pinch Hitting: RHB Yasuoka Tsuda
|
0-0: Ball 1-0: Ball 2-0: Ball 3-0: Base on Balls
|
|
Batting: RHB Victor Garcia
|
0-0: Called Strike 0-1: Swinging Strike 0-2: Strikes out swinging
|
|
Batting: RHB Jim O'Dwyer
|
0-0: Called Strike 0-1: Fly out, F7 (Flyball, 7, EV 95.6 MPH)
|
|
Batting: RHB Ken Stair
|
0-0: Ball 1-0: Ball 2-0: Ball 3-0: Hit by Pitch Yasuoka Tsuda to second
|
|
Batting: SHB Dylan Best
|
0-0: Called Strike 0-1: Called Strike 0-2: Ball 1-2: Strikes out swinging
|
| Top of the 9th over - 0 runs, 0 hits, 0 errors, 2 left on base; Pulaski 0 - Great Falls 6 |
|